Map: Daybreak LE (Void)

Players

thelegend - Winner!

  • Race: Terran Terran
  • Spawn Location: 1:00

enderqu

  • Race: Terran Terran
  • Spawn Location: 7:00

VOD

Have the link to the VOD?

Description

- Starcraft 2: Legacy of the Void
- Multiplayer/Custom Game
- TvT on Daybreak LE
- aLive's Raven Expand

- Green - thelegend (ME) vs Blue - enderqu (host)

Time

  • Played on: Jan. 3, 2017, 2:01 a.m.
  • Length: 12:19
Show
View Real Time Build Order
Export as new Build Order

thelegend Terran - Winner!

Build Orders: Mech 

Get SALT Encoding   

  12  0:01  SCV  
  13  0:13  SCV  
  14  0:19  Supply Depot  
  14  0:22  Supply Depot  
  14  0:25  SCV  
  15  0:34  Refinery  
  15  0:44  SCV  
  15  0:48  Barracks  
  16  0:56  SCV  
  17  1:08  SCV  
  18  1:20  SCV  
  18  1:21  Refinery  
  19  1:37  Factory, SCV  
  19  1:38  Marine  
  21  1:49  Orbital Command  
  21  1:55  Supply Depot  
  21  1:57  Marine  
  23  2:15  SCV  
  23  2:27  Marine  
  24  2:30  Factory Tech Lab, Starport  
  24  2:34  SCV  
  25  2:49  SCV  
  26  3:01  SCV  
  26  3:02  Factory Tech Lab  
  27  3:13  Command Center  
  27  3:20  Raven  
  29  3:44  Supply Depot  
  29  3:46  SCV  
  30  3:58  SCV  
  30  4:00  Barracks Reactor  
  31  4:05  Siege Tank  
  34  4:11  SCV  
  35  4:34  Orbital Command  
  35  4:36  SCV  
  35  4:37  Siege Tank  
  39  4:54  Viking  
  39  4:55  Viking  
  39  4:56  Starport  
  43  5:00  SCV  
  43  5:02  SCV  
  45  5:09  Siege Tank  
  48  5:17  Barracks Reactor  
  48  5:22  SCV x2  
  50  5:30  Supply Depot  
  50  5:32  Viking  
  50  5:33  Viking  
  54  5:42  Refinery  
  54  5:43  Refinery  
  54  5:52  Siege Tank  
  54  5:56  Supply Depot  
  57  5:58  SCV x2  
  59  6:14  Viking  
  59  6:17  Viking  
  63  6:19  Supply Depot  
  63  6:20  SCV  
  63  6:21  SCV  
  65  6:33  Siege Tank  
  68  6:46  Factory  
  68  6:47  SCV  
  68  6:48  SCV  
  70  6:55  Supply Depot  
  70  6:59  SCV  
  70  7:00  SCV  
  70  7:01  Viking x2  
  76  7:12  SCV  
  76  7:13  SCV  
  78  7:17  Siege Tank  
  78  7:18  Supply Depot  
  80  7:32  Factory Reactor  
  80  7:38  Factory  
  80  7:39  Raven  
  80  7:44  SCV x2  
  84  7:49  Command Center  
  84  8:02  SCV x2  
  86  8:08  Supply Depot  
  86  8:09  Supply Depot x2  
  86  8:13  Hellion x2  
  86  8:18  Armory  
  86  8:19  SCV  
  91  8:23  SCV  
  92  8:30  Siege Tank  
  95  8:39  SCV x2  
  95  8:41  Raven  
  97  8:44  Factory Tech Lab  
  97  8:46  Hellion  
  97  8:47  Hellion  
  103  9:01  Viking x2, Engineering Bay  
  107  9:04  Siege Tank  
  110  9:16  Orbital Command  
  110  9:19  Hellion  
  110  9:20  Hellion  
  114  9:24  Terran Vehicle Weapons Level 1  
  114  9:37  Viking x2  
  118  9:46  Infernal Pre-Igniter  
  118  9:48  Raven  
  118  9:51  Hellion x2, SCV x2  
  126  9:58  Orbital Command  
  126  10:23  Refinery  
  126  10:24  SCV x2  
  126  10:25  SCV, Missile Turret  
  126  10:26  Missile Turret  
  126  10:27  Missile Turret  
  126  10:28  Refinery  
  129  10:43  Siege Tank  
  132  10:52  Supply Depot  
  132  10:57  Supply Depot  
  132  10:58  Supply Depot  
  132  11:00  Supply Depot  
  132  11:02  Supply Depot  
  132  11:03  SCV  
  133  11:05  Missile Turret  
  133  11:13  Viking x2  
  133  11:14  SCV x2  
  134  11:33  Siege Tank  
  134  11:34  Siege Tank  
  134  11:35  Hellion x2, Raven  
Show
View Real Time Build Order
Export as new Build Order

enderqu Terran 

Build Orders:  

Get SALT Encoding   

  12  0:01  SCV  
  13  0:18  SCV  
  14  0:25  Supply Depot  
  14  0:30  SCV  
  15  0:48  SCV  
  16  0:52  Barracks  
  16  0:57  Refinery  
  16  1:00  SCV, Refinery  
  17  1:12  SCV  
  18  1:24  SCV  
  19  1:36  SCV  
  20  1:40  Supply Depot, Marine  
  21  1:49  Orbital Command  
  21  1:57  Factory  
  21  2:10  Supply Depot  
  21  2:14  Barracks Tech Lab  
  22  2:22  SCV  
  22  2:43  Starport  
  22  2:55  Barracks  
  22  2:58  SCV  
  23  3:00  Barracks Reactor  
  23  3:03  Siege Tank  
  26  3:23  Command Center  
  26  3:32  SCV  
  27  3:35  Siege Tank  
  30  3:41  Supply Depot  
  30  3:54  Marine x2  
  33  3:58  Barracks Reactor  
  32  4:04  Barracks Tech Lab  
  32  4:05  Starport Tech Lab  
  32  4:14  SCV  
  33  4:31  Banshee  
  33  4:32  Cloaking Field  
  36  4:42  SCV  
  37  4:48  SCV  
  38  4:56  Marine x2  
  40  5:00  SCV  
  40  5:01  Barracks  
  40  5:04  Marauder  
  40  5:06  Stimpack  
  43  5:14  Siege Tank, Banshee  
  46  5:20  SCV  
  50  5:28  Marine x2  
  50  5:31  Marauder  
  50  5:32  SCV  
  55  5:44  SCV  
  55  5:46  Siege Tank  
  59  5:53  Marauder  
  59  5:56  SCV, Barracks Reactor  
  62  6:37  Supply Depot  
  62  6:38  Viking x2  
  62  6:39  Marine  
  67  6:40  Marine  
  67  6:41  Marine x2  
  70  6:58  Marine  
  70  6:59  Marine  
  70  7:01  Marine  
  73  7:03  Marauder  
  73  7:08  Siege Tank  
  72  7:43  Supply Depot  
  72  7:52  Armory  
  72  7:53  Marine  
  72  7:54  Marine x2  
  72  7:57  Medivac  
  77  8:04  Widow Mine  
  79  8:11  Marine  
  79  8:12  Marine x2  
  81  8:16  Medivac  
  84  8:29  Marine  
  84  8:30  Marine  
  86  8:39  Marine  
  89  8:47  Thor  
  93  8:57  Marine  
  94  9:04  Viking  
  94  9:05  Viking  
  98  9:10  Orbital Command  
  98  9:17  Supply Depot  
  98  9:26  Barracks  
  98  9:29  SCV  
  97  9:39  Thor  
  103  9:47  Supply Depot  
  103  9:55  Marine x2  
  103  9:56  Marine  
  103  9:59  Marine  
  107  10:03  Viking  
  109  10:14  Viking, Marine  
  111  10:17  Marine  
  113  10:21  Thor  
  119  10:32  Marine  
  119  10:35  Marine  
  121  10:56  Viking x2  
  125  10:58  Marine  
  126  11:15  Marine x2  
  126  11:21  Marine  
Tags
 
Composition
Mech
Matchup
TvT
Race
Terran
Spawn Locations
Cross Positions
Add a new tag
Caveats
  • Supply blocks, unpowered buildings, or Contaminate may cause inaccurate times.
  • Supply counts are checked every 10 seconds.